AoeStats
← Ghost-13-A

Arabia

507045212Analyzed
1v1 RM · 15d ago on Sep 16, 2026· 53m 49s· 2 players
Game mode
Random Map
Map size
Tiny (2 player)
Population
200
Speed
Normal
Resources
Standard
Victory
Conquest
Starting age
Dark Age
Ending age
Imperial Age
RankedLock teamsTeams togetherTeam positionsShared explorationLock speedFull tech treeHidden civsTurbo modeCheats
Victory
Defeat
🇮🇳 Franks · India
619
+17
🇦🇿 Turks · Azerbaijan
636
-17
Ghost-13-A
12:15 Feudal Age
12:43 Loom
12:50 Double-Bit Axe
17:51 Forging
25:02 Castle Age
26:22 Iron Casting
26:23 Bow Saw
26:16 Light Cavalry
29:08 Scale Barding Armor
31:38 Wheelbarrow
35:34 Imperial Age
35:56 Chain Barding Armor
36:58 Gold Mining
38:00 Husbandry
37:22 Cavalier
37:25 Pikeman
39:08 Blast Furnace
38:48 Gold Shaft Mining
39:42 Conscription
40:50 Hand Cart
41:27 Town Watch
41:41 Town Watch
41:39 Halberdier
45:50 Chemistry
45:03 Masonry
45:36 Hoardings
45:16 Elite Throwing Axeman
47:14 Plate Barding Armor
50:07 Scale Mail Armor
49:31 Paladin
Muhammed Alparslan
1:03 Loom
11:43 Feudal Age
14:56 Double-Bit Axe
14:42 Man-at-Arms
19:48 Horse Collar
20:04 Gold Mining
23:43 Castle Age
22:32 Stone Mining
22:53 Scale Mail Armor
23:08 Forging
24:28 Squires
26:37 Gold Shaft Mining
25:27 Long Swordsman
30:52 Scale Mail Armor
31:27 Iron Casting
30:45 Fletching
31:23 Scale Barding Armor
33:23 Bloodlines
34:41 Chain Barding Armor
34:43 Husbandry
38:06 Wheelbarrow
38:11 Scale Mail Armor
43:11 Imperial Age
40:58 Town Watch
46:13 Hand Cart
52:46 Heavy Camel Rider
Connection lost

Rejoining the realm…

Still unreachable

The connection could not be restored.

Session expired

The server has moved on; the page needs a fresh start.